 Dungeon Crawl Stone Soup version 0.31-a0-771-g505c3d19dc (webtiles) character file.

Game seed: 6870415358689128523

123 randomguy2701 the Shield-Bearer (level 5, 0/47 HPs)
             Began as a Gnoll Fighter on Sept 17, 2023.
             Slain by an orc
             ... wielding a +0 trident
              (2 damage)
             ... on level 3 of the Dungeon.
             The game lasted 00:01:38 (1351 turns).

randomguy2701 the Shield-Bearer (Gnoll Fighter)     Turns: 1351, Time: 00:01:39

Health: 0/47       AC:  8    Str: 15    XL:     5   Next: 7%
Magic:  5/7        EV: 10    Int:  7    God:
Gold:   91         SH:  6    Dex: 14    Spells: 6/6 levels left

rFire   . . .        a - +0 war axe
rCold   . . .        c - +0 buckler
rNeg    . . .        o - +2 ring mail of the King of the Hill {Harm rCorr}
rPois   .            (no helmet)
rElec   .            (no cloak)
rCorr   +            (no gloves)
SInv    +            (no boots)
Will    .....        (no amulet)
Stlth   +            m - ring of see invisible
HPRegen 0.27/turn    (no ring)
MPRegen 0.10/turn

%: harm (+30% outgoing, +20% incoming)
@: no status effects
A: fangs 1, strong nose, distributed training
a: no special abilities


You were on level 3 of the Dungeon.
You visited 1 branch of the dungeon, and saw 3 of its levels.

You collected 91 gold pieces.

Inventory:

Hand Weapons
 a - a +0 war axe (weapon)
Armour
 b - a +0 scale mail
 c - a +0 buckler (worn)
 o - the +2 ring mail of the King of the Hill (worn) {Harm rCorr}
   (You took it off a hobgoblin on level 2 of the Dungeon)

   rCorr:     It protects you from acid and corrosion.
   Harm:      It increases damage dealt and taken.
 p - a +0 pair of gloves
Jewellery
 m - a ring of see invisible (left hand)
Scrolls
 e - a scroll of fog {unknown}
 f - a scroll of teleportation {unknown}
 g - a scroll of fear {unknown}
 h - 2 scrolls of enchant weapon {unknown}
 j - a scroll of blinking {unknown}
 l - a scroll of identify {unknown}
 n - a scroll of amnesia {unknown}
Potions
 d - a potion of might
 i - a potion of heal wounds {unknown}
 k - a potion of curing {unknown}


   Skills:
 + Level 6.6 Fighting
 + Level 1.3 Short Blades
 + Level 1.3 Long Blades
 + Level 4.7 Axes
 + Level 1.3 Maces & Flails
 + Level 1.3 Polearms
 + Level 1.3 Staves
 + Level 1.3 Ranged Weapons
 + Level 1.3 Throwing
 + Level 6.6 Armour
 + Level 1.3 Dodging
 + Level 1.3 Stealth
 + Level 6.6 Shields
 + Level 1.3 Unarmed Combat
 + Level 1.3 Spellcasting
 + Level 1.1 Conjurations
 + Level 1.1 Hexes
 + Level 1.1 Summonings
 + Level 1.1 Necromancy
 + Level 1.1 Translocations
 + Level 1.1 Transmutations
 + Level 1.1 Fire Magic
 + Level 1.1 Ice Magic
 + Level 1.1 Air Magic
 + Level 1.1 Earth Magic
 + Level 1.1 Poison Magic
 + Level 1.5 Invocations
 + Level 1.3 Evocations
 + Level 1.2 Shapeshifting


You had 6 spell levels left.
You didn't know any spells.
Your spell library contained the following spells:

 Spells                   Type           Power      Damage    Failure   Level
 Lesser Beckoning         Tloc           4%         N/A       65%         2
 Gell's Gravitas          Tloc           2%         N/A       87%         3
 Stone Arrow              Conj/Erth      4%         3d7       87%         3
 Teleport Other           Tloc           2%         N/A       87%         3
 Tukima's Dance           Hex            2%         N/A       87%         3
 Animate Armour           Summ/Erth      4%         N/A       99%         4
 Dimensional Bullseye     Hex/Tloc       1%         N/A       99%         4
 Iskenderun's Mystic Bla  Conj/Tloc      2%         2d3       99%         4
 Lehudib's Crystal Spear  Conj/Erth      1%         10d2      100%        8


Dungeon Overview and Level Annotations

Branches:
Dungeon (3/15)

Altars:


Innate Abilities, Weirdness & Mutations

You have very sharp teeth.
Your uncanny sense of smell can sniff out nearby items.
Your experience applies equally to all skills.


Message History

The orc wizard is almost dead.
The orc wizard points at you and mumbles some strange words.
The magic dart hits you!
An orc comes into view. It is wielding a +0 trident.
You are too injured to fight recklessly!
You are too injured to fight recklessly!
You are too injured to fight recklessly!
You are too injured to fight recklessly!
You are too injured to fight recklessly!
You are too injured to fight recklessly!
You are too injured to fight recklessly!
You are too injured to fight recklessly!
You are too injured to fight recklessly!
You are too injured to fight recklessly!
You are too injured to fight recklessly!
You are too injured to fight recklessly!
You are too injured to fight recklessly!
Unknown command.
You slash the orc wizard!
You kill the orc wizard!
The orc hits you with a +0 hand axe of freezing.
The orc freezes you.
You have reached level 5!
You slash the orc!
You kill the orc!
Unknown command.
You see here a +0 pair of gloves.
p - a +0 pair of gloves You start putting on your armour.
You continue putting on your +0 pair of gloves.
The orc hits you from afar with a +0 trident!
* * * LOW HITPOINT WARNING * * *
You continue putting on your +0 pair of gloves.
The orc hits you from afar with a +0 trident!
* * * LOW HITPOINT WARNING * * *
You continue putting on your +0 pair of gloves.
You block the orc's attack.
You continue putting on your +0 pair of gloves.
The orc hits you from afar with a +0 trident.
You die...

#### ######### #..###
#........ ##########....##
#........ .#.........##..#
#.....!..
...............####........
##.........##...@.o.†......
##..##..#.....########.#..
##...#...........#
###.........###..
###....))...# ######....##
##....# #....### #......#


You could see an orc.

Vanquished Creatures
  2 orc wizards (D:3)
  2 adders (D:2)
  A worm (D:2)
  A dart slug (D:3)
  2 orcs (D:3)
  2 endoplasms (D:1)
  3 giant cockroaches (D:1)
  8 goblins
  4 hobgoblins
  5 jackals (D:1)
  A quokka (D:2)
  4 ball pythons
  4 bats
  4 frilled lizards
  4 kobolds
  A rat (D:2)
48 creatures vanquished.

Notes
Turn   | Place    | Note
-------+----------+-------------------------------------------
     0 | D:1      | randomguy2701 the Gnoll Fighter began the quest for the
                  | Orb.
     0 | D:1      | Reached XP level 1. HP: 23/23 MP: 1/1
    35 | D:1      | Reached XP level 2. HP: 19/29 MP: 2/2
   365 | D:1      | Reached XP level 3. HP: 32/35 MP: 3/3
   588 | D:2      | Reached skill level 1 in Invocations
   785 | D:2      | Reached skill level 1 in Short Blades
   785 | D:2      | Reached skill level 1 in Long Blades
   785 | D:2      | Reached skill level 1 in Maces & Flails
   785 | D:2      | Reached skill level 1 in Polearms
   785 | D:2      | Reached skill level 1 in Staves
   785 | D:2      | Reached skill level 1 in Ranged Weapons
   785 | D:2      | Reached skill level 1 in Throwing
   785 | D:2      | Reached skill level 1 in Dodging
   785 | D:2      | Reached skill level 1 in Stealth
   785 | D:2      | Reached skill level 1 in Unarmed Combat
   785 | D:2      | Reached skill level 1 in Spellcasting
   785 | D:2      | Reached skill level 1 in Evocations
   813 | D:2      | Identified the +2 ring mail of the King of the Hill {Harm
                  | rCorr}
   924 | D:2      | Reached XP level 4. HP: 41/41 MP: 5/5
   935 | D:2      | Reached skill level 1 in Shapeshifting
  1341 | D:3      | Reached skill level 1 in Conjurations
  1341 | D:3      | Reached skill level 1 in Hexes
  1341 | D:3      | Reached skill level 1 in Summonings
  1341 | D:3      | Reached skill level 1 in Necromancy
  1341 | D:3      | Reached skill level 1 in Translocations
  1341 | D:3      | Reached skill level 1 in Transmutations
  1341 | D:3      | Reached skill level 1 in Fire Magic
  1341 | D:3      | Reached skill level 1 in Ice Magic
  1341 | D:3      | Reached skill level 1 in Air Magic
  1341 | D:3      | Reached skill level 1 in Earth Magic
  1341 | D:3      | Reached skill level 1 in Poison Magic
  1344 | D:3      | Reached XP level 5. HP: 16/47 MP: 5/7
  1349 | D:3      | HP: 2/47 [orc/+0 trident (8)]
  1351 | D:3      | Slain by an orc

Illustrated notes

Levels and vault maps discovered:
D:1:      dpeg_arrival_solitude, layout_rooms, minmay_heptomino_o4
D:2:      layout_loops_ring, minmay_misc_feat_room, grunt_decor_junction
D:3:      layout_rooms

Skill      XL: |  1  2  3  4 |
---------------+-------------+-----
Invocations    | 1 |  1.5
Short Blades   | 1 |  1.3
Long Blades    | 1 |  1.3
Maces & Flails | 1 |  1.3
Polearms       | 1 |  1.3
Staves         | 1 |  1.3
Ranged Weapons | 1 |  1.3
Throwing       | 1 |  1.3
Dodging        | 1 |  1.3
Stealth        | 1 |  1.3
Unarmed Combat | 1 |  1.3
Spellcasting   | 1 |  1.3
Evocations     | 1 |  1.3
Shapeshifting  | 1 |  1.2
Conjurations   | 1 |  1.1
Hexes          | 1 |  1.1
Summonings     | 1 |  1.1
Necromancy     | 1 |  1.1
Translocations | 1 |  1.1
Transmutations | 1 |  1.1
Fire Magic     | 1 |  1.1
Ice Magic      | 1 |  1.1
Air Magic      | 1 |  1.1
Earth Magic    | 1 |  1.1
Poison Magic   | 1 |  1.1
Fighting       | |  6.6
Axes           | |  4.7
Armour         | |  6.6
Shields        | |  6.6

Action                     |  1- 3 |  4- 6 || total
---------------------------+-------+-------++-------
  Melee: War axe           |    95 |    31 ||   126
         Bite              |     8 |     4 ||    12
 Armour: Scale mail        |    66 |     1 ||    67
         Ring mail         |       |    17 ||    17
  Dodge: Dodged            |    46 |    11 ||    57
  Block: Buckler           |    35 |    14 ||    49

Table legend: (Time is in decaauts)
 A = Elapsed time spent in this place.
 B = Non-inter-level travel time spent in this place.
 C = Inter-level travel time spent in this place.
 D = Time resting spent in this place.
 E = Time spent auto-exploring this place.
 F = Levels seen in this place.
 G = Mean time per level.
                   A        B        C        D        E       F      G
               +--------+--------+--------+--------+--------+-----+--------+
         Total |   1388 |   1285 |    103 |      0 |    983 |   3 |  462.7 |
       Dungeon |   1388 |   1285 |    103 |      0 |    983 |   3 |  462.7 |
               +--------+--------+--------+--------+--------+-----+--------+

Top non-repeatable levels by time:
     D:2: 697 daAuts
     D:1: 596 daAuts
     D:3: 94 daAuts
